 Dungeon Crawl Stone Soup version 0.30-a0-457-g4b7bca3bfa (webtiles) character file.

Game seed: 10670350929559714095

126 Brandom the Grasshopper (level 4, -12/39 HPs)
             Began as an Armataur Warper on Dec 13, 2022.
             Killed by divine providence
             ... invoked by an orc priest
              (15 damage)
             ... on level 3 of the Dungeon.
             The game lasted 00:10:26 (1880 turns).

Brandom the Grasshopper (Armataur Warper)           Turns: 1880, Time: 00:10:26

Health: -12/39     AC: 11    Str: 22    XL:     4   Next: 83%
Magic:  7/7        EV:  9    Int: 16    God:
Gold:   98         SH:  0    Dex:  9    Spells: 5/7 levels left

rFire   . . .      SeeInvis .    q - +0 great sword
rCold   + . .      Faith    .    (shield currently unavailable)
rNeg    . . .      Spirit   .    r - +2 ring mail {rC+}
rPois   .          Reflect  .    h - +2 hat
rElec   .          Harm     .    (no cloak)
rCorr   .          Roll     +    o - +0 pair of gloves
Will    .....                    (no barding)
Stlth   ..........               (no amulet)
HPRegen 0.26/turn                g - +6 ring of strength
MPRegen 0.10/turn                (no ring)

@: no status effects
A: large, rugged brown scales 3, deformed body, armoured tail, roll, long
tongue, awkward tongue
a: no special abilities


You were on level 3 of the Dungeon.
You visited 1 branch of the dungeon, and saw 3 of its levels.

You collected 124 gold pieces.
You spent 26 gold pieces at shops.

Inventory:

Hand Weapons
 a - a +0 falchion
 q - a +0 great sword (weapon)
   (You found it on level 2 of the Dungeon)
Missiles
 d - 7 boomerangs of dispersal (quivered) {!f}
Armour
 b - a +0 chain mail
   (You found it on level 3 of the Dungeon)
 h - a +2 hat (worn)
   (You found it on level 1 of the Dungeon)
 n - a +0 ring mail
   (You found it on level 1 of the Dungeon)
 o - a +0 pair of gloves (worn)
   (You found it on level 2 of the Dungeon)
 r - a +2 ring mail of cold resistance (worn)
   (You took it off Terence on level 2 of the Dungeon)
Jewellery
 g - a +6 ring of strength (left hand)
   (You found it on level 1 of the Dungeon)
Scrolls
 c - a scroll of blinking
 f - a scroll of enchant armour {unknown}
 m - 2 scrolls of teleportation {unknown}
Potions
 e - a potion of degeneration {!q}
 i - a potion of heal wounds {unknown}
 j - 5 potions of might
 k - a potion of curing {unknown}
 l - a potion of berserk rage {unknown}
 p - a potion of brilliance {unknown}


   Skills:
 + Level 2.4 Fighting
 + Level 2.5 Long Blades
 - Level 0.8 Throwing
 + Level 2.5 Armour
 + Level 2.0 Dodging
 - Level 2.0 Spellcasting
 + Level 3.6 Translocations


You had 5 spell levels left.
You knew the following spells:

 Your Spells              Type           Power      Damage    Failure   Level
b - Blink                 Tloc           26%        N/A       11%         2

Your spell library contained the following spells:

 Spells                   Type           Power      Damage    Failure   Level
 Gell's Gravitas          Tloc           13%        N/A       22%         3
 Lesser Beckoning         Tloc           26%        N/A       22%         3
 Teleport Other           Tloc           13%        N/A       22%         3
 Beastly Appendage        Tmut           2%         N/A       32%         1
 Slow                     Hex            4%         N/A       32%         1
 Vhi's Electric Charge    Tloc/Air       14%        N/A       43%         3
 Ensorcelled Hibernation  Hex/Ice        2%         N/A       45%         2
 Passwall                 Tmut/Erth      0%         N/A       45%         2
 Wereblood                Tmut           1%         N/A       45%         2
 Manifold Assault         Tloc           13%        N/A       58%         4
 Confusing Touch          Hex            1%         N/A       69%         3
 Frozen Ramparts          Ice            2%         1d1       69%         3
 Hailstorm                Conj/Ice       1%         3d3       69%         3
 Spider Form              Tmut/Pois      1%         N/A       69%         3
 Swiftness                Air            1%         N/A       69%         3
 Vampiric Draining        Necr           1%         2d6       69%         3
 Ice Form                 Ice/Tmut       1%         N/A       97%         4
 Dispersal                Tloc           6%         N/A       100%        6


Dungeon Overview and Level Annotations

Branches:
Dungeon (3/15)

Altars:
Fedhas

Shops:
D:1 ?   D:2 [

Annotations:
D:3 1 runed translucent door, Raultor's ghost, amateur OpTm


Innate Abilities, Weirdness & Mutations

You are completely covered in rugged brown scales. (AC +3, +7% HP)
Armour fits poorly on your strangely shaped body.
You have a long armoured tail.
You roll when moving toward enemies. (Rampage)
Your long tongue fully drains potion bottles. (2x potion effects)
Your tongue gives you trouble enunciating. (1.5x scroll delay)


Message History

You closely miss the orc. The orc hits you but does no damage.
The orc priest invokes the aid of Beogh against you.
Beogh smites you!
You hit the orc. The orc barely misses you.
You slash the orc!
You kill the orc!
The orc priest mumbles some strange prayers to Beogh against you.
Pain shoots through your body!
You closely miss the orc priest.
The orc priest calls down the wrath of Beogh upon you.
Beogh smites you!
* * * LOW HITPOINT WARNING * * *
The orc priest attacks as you move away!
The orc priest hits you but does no damage.
Something unexpectedly blocked you, preventing you from rolling!
You closely miss something. Something hits you but does no damage.
You hear some strange, mumbled words.
Something tries to affect you, but you resist.
Unknown command.
Something unexpectedly blocked you, preventing you from rolling!
You closely miss something.
Your tail-slap misses something.
Something hits you but does no damage.
Something unexpectedly blocked you, preventing you from rolling!
You miss something. Something hits you but does no damage.
Something hits you but does no damage.
The orc priest calls down the wrath of Beogh upon you.
Something writhes in agony!
Something unexpectedly blocked you, preventing you from rolling!
You closely miss something. Something hits you but does no damage.
Something unexpectedly blocked you, preventing you from rolling!
You closely miss something. Something hits you but does no damage.
Something hits you but does no damage.
Unknown command.
Something unexpectedly blocked you, preventing you from rolling!
You slash something! Something hits you but does no damage.
Something unexpectedly blocked you, preventing you from rolling!
You closely miss something.
An orc wizard appears from thin air!
Reactivating autopickup.
The orc wizard hits you but does no damage.
The orc priest invokes the aid of Beogh against you.
Beogh smites you!
* * * LOW HITPOINT WARNING * * *
The orc priest calls down the wrath of Beogh upon you.
Beogh smites you!
You die...

....(.....<##..#
...............#
...........###.#
#..........# #.#
###.#..#...###.#
#...#..#.......#######
#.###..#.............#
#.# #.......########.#
..# #..#.#...#oo@....#
.#####.#.....#.#######
..........<#.#.
.#####.#.#...#. .#
..#.#.###. .# #. .# #.
.... .. .....


You could see an orc priest and an orc wizard.

Vanquished Creatures
  Terence (D:2)
  4 gnolls
  A dart slug (D:3)
  2 orcs (D:3)
  3 endoplasms
  2 giant cockroaches (D:1)
  7 goblins
  5 hobgoblins
  8 kobolds
  3 quokkas
  8 ball pythons
  6 bats
  3 frilled lizards
  5 rats
58 creatures vanquished.

Notes
Turn   | Place    | Note
-------+----------+-------------------------------------------
     0 | D:1      | Brandom the Armataur Warper began the quest for the Orb.
     0 | D:1      | Reached XP level 1. HP: 18/18 MP: 3/3
   235 | D:1      | Found Eneydu's Magic Scroll Shop.
   243 | D:1      | Bought a scroll of identify for 26 gold pieces
   284 | D:1      | Reached XP level 2. HP: 25/25 MP: 4/4
   727 | D:1      | Reached XP level 3. HP: 31/31 MP: 6/6
  1055 | D:2      | Found a blossoming altar of Fedhas.
  1066 | D:2      | Noticed Terence
  1370 | D:1      | Reached XP level 4. HP: 25/38 MP: 7/7
  1493 | D:2      | Got the Secrets of Hypothermia
  1497 | D:2      | Learned a level 2 spell: Blink
  1623 | D:2      | Found Rofeur's Antique Armour Shoppe.
  1628 | D:2      | Killed Terence
  1743 | D:3      | Found a runed translucent door.
  1744 | D:3      | Noticed Raultor's ghost (amateur OpTm)
  1880 | D:3      | Killed from afar by an orc priest

Illustrated notes

Levels and vault maps discovered:
D:1:      nzn_arrival_settlement, layout_rooms, serial_shops,
          nicolae_square_shop, minmay_misc_feat_cross, corexii_corridor_pit,
          hangedman_feature_mirror, corner_web_ring, kennysheep_minor_cross,
          minmay_heptomino_d4
D:2:      layout_rooms, serial_shops, shop, basic_altar, uniq_terence
D:3:      minmay_inner_zag, layout_basic, mainiacjoe_overflow_surrounded_room,
          tso_metal_star, fedhas_altar_fruit_tree, gammafunk_ghost_grave,
          minivault_24, uniq_crazy_yiuf_cottage

Skill      XL: |  1  2  3  4 |
---------------+-------------+-----
Fighting       | 2 |  2.4
Long Blades    | 2 |  2.5
Spellcasting   | 2 |  2.0
Armour         | 2 |  2.5
Dodging        | 2 |  2.0
Throwing       | |  0.8
Translocations | |  3.6

Action                   |  1- 3 |  4- 6 || total
-------------------------+-------+-------++-------
Melee: Falchion          |   137 |     7 ||   144
       Tailslap          |     7 |     2 ||     9
       Great sword       |       |    41 ||    41
  Use: Scroll            |     2 |       ||     2
Armor: Ring mail         |    76 |    37 ||   113
Dodge: Dodged            |    70 |    19 ||    89

Table legend: (Time is in decaauts)
 A = Elapsed time spent in this place.
 B = Non-inter-level travel time spent in this place.
 C = Inter-level travel time spent in this place.
 D = Time resting spent in this place.
 E = Time spent auto-exploring this place.
 F = Levels seen in this place.
 G = Mean time per level.
                   A        B        C        D        E       F      G
               +--------+--------+--------+--------+--------+-----+--------+
         Total |   1934 |   1776 |    158 |     50 |   1057 |   3 |  644.7 |
       Dungeon |   1934 |   1776 |    158 |     50 |   1057 |   3 |  644.7 |
               +--------+--------+--------+--------+--------+-----+--------+

Top non-repeatable levels by time:
     D:1: 1147 daAuts
     D:2: 632 daAuts
     D:3: 153 daAuts
